 Dungeon Crawl Stone Soup version 0.20.0-8-g6b59dc7 (webtiles) character file.

172 Kosschaser the Sneak (level 5, 0/25 HPs)
             Began as a Vine Stalker Enchanter on May 30, 2017.
             Slain by a hound (3 damage)
             ... on level 4 of the Dungeon.
             The game lasted 00:11:07 (2835 turns).

Kosschaser the Sneak (Vine Stalker Enchanter)       Turns: 2835, Time: 00:11:08

Health: 0/25       AC:  3    Str: 11    XL:     5   Next: 52%
Magic:  0/9        EV: 12    Int: 15    God:
Gold:   108        SH:  0    Dex: 15    Spells: 3/9 levels left

rFire    . . .     SeeInvis .   a - +1 dagger
rCold    . . .     Gourm    .   (no shield)
rNeg     . . .     Faith    .   b - +0 robe
rPois    .         Spirit   +   (no helmet)
rElec    .         Reflect  .   t - +0 cloak
rCorr    .         Harm     .   (no gloves)
MR       .....                  (no boots)
Stlth    +++.......             (no amulet)
Regen    0.5/turn               (no ring)
MPRegen  0.2/turn               (no ring)

@: no status effects
A: fangs 2, regeneration 1, magic shield, antimagic bite, no potion heal 3, rot
immunity
a: no special abilities


You were on level 4 of the Dungeon.
You were very hungry.

You visited 1 branch of the dungeon, and saw 4 of its levels.

You collected 108 gold pieces.

Inventory:

Hand Weapons
 a - a +1 dagger (weapon)
Armour
 b - a +0 robe (worn)
 t - a +0 cloak (worn)
Jewellery
 g - an uncursed ring of protection from fire {unknown}
 k - an uncursed amulet of guardian spirit {unknown}
 q - an uncursed ring of positive energy {unknown}
Scrolls
 e - a scroll of amnesia {unknown}
 i - 3 scrolls of identify {unknown}
 m - 3 scrolls of remove curse {unknown}
 n - 3 scrolls of enchant armour {unknown}
 o - 2 scrolls of teleportation {unknown}
 p - a scroll of fog {unknown}
Potions
 h - a potion of flight {unknown}
 j - a potion of mutation {unknown}
 r - 2 potions of might {unknown}
 s - a potion of haste {unknown}
Books
 c - a book of Maledictions

   Spells                             Type                      Level
   a - Corona                         Hexes                        1
   b - Ensorcelled Hibernation        Hexes/Ice                    2
   c - Confuse                        Hexes                        3
   d - Tukima's Dance                 Hexes                        3
   e - Dazzling Spray                 Conjuration/Hexes            3
Comestibles
 d - 2 bread rations
 f - a meat ration
 l - 2 royal jellies


   Skills:
 + Level 1.1 Fighting
 + Level 1.6 Short Blades
 + Level 2.0 Dodging
 * Level 6.1 Stealth
 + Level 2.5 Spellcasting
 + Level 3.1 Hexes
 + Level 0.8 Ice Magic


You had 3 spell levels left.
You knew the following spells:

 Your Spells              Type           Power        Failure   Level  Hunger
a - Corona                Hex            ##.....      6%          1    #......
b - Ensorcelled Hibernat  Hex/Ice        #.....       14%         2    ###....
c - Confuse               Hex            ##......     17%         3    ###....


Dungeon Overview and Level Annotations

Branches:
Dungeon (4/15)
 Temple: D:4-7

Altars:


Innate Abilities, Weirdness & Mutations

You have extremely sharp teeth.
Your natural rate of healing is unusually fast.
When hurt, damage is shared between your health and your magic reserves.
Your bite disrupts and absorbs the magic of your enemies.
Potions cannot restore your health.
You are immune to rotting.


Message History

The hound closely misses you.
Casting: Ensorcelled Hibernation
Confirm with . or Enter, or press ? or * to list all spells.
Aiming: Ensorcelled Hibernation
Press: ? - help, Shift-Dir - straight line, f - hound
Aim: a hound (severely wounded, chance to defeat MR: 48%)
The hound resists with some effort.
The hound barely misses you. The hound bites you but does no damage.
The hound bites you.
* * * LOW HITPOINT WARNING * * *
The hound barely misses you. The hound bites you.
* * * LOW HITPOINT WARNING * * *
The hound closely misses you. The hound bites you.
* * * LOW HITPOINT WARNING * * *
The hound bites you.
* * * LOW HITPOINT WARNING * * *
The hound bites you.
You die...

#### #.#.##
.....##.#..# ..#
........#..# ..#
........#..# #..# ..
........#..####..# ...
........#........###...
............>..........
.........@.............
#...#..##h##..........
# . #..##.##..........
#...#..##.####..###..
...........# #..#
##...#..##.####..# #
.............##..###.#
##...#.#...............
#......................


You could see a hound.

Vanquished Creatures
  A hound (D:4)
  Crazy Yiuf (D:3)
  A worker ant (D:4)
  An adder (D:4)
  3 worms
  3 dart slugs
  3 leopard geckos
  An orc (D:4)
  2 giant cockroaches
  4 goblins
  5 hobgoblins
  8 jackals
  A quokka (D:2)
  6 bats
  6 frilled lizards
  8 kobolds
  8 rats
62 creatures vanquished.

Notes
Turn   | Place    | Note
-------+----------+-------------------------------------------
     0 | D:1      | Kosschaser the Vine Stalker Enchanter began the quest for the Orb.
     0 | D:1      | Reached XP level 1. HP: 9/9 MP: 4/4
   281 | D:1      | Reached skill level 4 in Stealth
   351 | D:1      | Reached XP level 2. HP: 10/13 MP: 6/6
   605 | D:1      | Reached XP level 3. HP: 14/16 MP: 7/7
  1030 | D:2      | Reached skill level 5 in Stealth
  1053 | D:2      | Learned a level 2 spell: Ensorcelled Hibernation
  1057 | D:2      | Learned a level 3 spell: Confuse
  1785 | D:2      | Reached skill level 1 in Short Blades
  1786 | D:2      | Gained mutation: Your natural rate of healing is unusually fast. [Vine Stalker growth]
  1786 | D:2      | Reached XP level 4. HP: 12/21 MP: 8/8
  2432 | D:3      | Found a runed door.
  2684 | D:3      | Noticed Crazy Yiuf
  2688 | D:3      | Killed Crazy Yiuf
  2688 | D:3      | Reached skill level 1 in Fighting
  2741 | D:4      | Reached XP level 5. HP: 21/25 MP: 9/9
  2765 | D:4      | Reached skill level 6 in Stealth
  2835 | D:4      | Slain by a hound

Skill      XL: |  1  2  3  4  5 |
---------------+----------------+-----
Stealth        | 4 5 6 |  6.1
Short Blades   | 1 |  1.6
Fighting       | 1 |  1.1
Dodging        | 2 |  2.0
Spellcasting   | |  2.5
Hexes          | |  3.1
Ice Magic      | |  0.8

Action                   |  1- 3 |  4- 6 || total
-------------------------+-------+-------++-------
Melee: Dagger            |   128 |    66 ||   194
       Bite              |    24 |    11 ||    35
 Cast: Ensorcelled Hiber |     7 |    11 ||    18
 Stab: Sleeping          |    16 |    12 ||    28
  Eat: Chunk             |     3 |     3 ||     6
Armor: Robe              |    24 |    15 ||    39
Dodge: Dodged            |    68 |    48 ||   116
